 Dungeon Crawl Stone Soup version 0.22-a0-223-g0f5d773 (webtiles) character file.

42 4thArraOfDagon the Vexing (level 3, 0/22 HPs)
             Began as an Octopode Arcane Marksman on Feb 18, 2018.
             Was an Initiate of Hepliaklqana.
             Slain by an ooze (2 damage)
             ... on level 3 of the Dungeon.
             The game lasted 00:01:51 (364 turns).

4thArraOfDagon the Vexing (Octopode Arcane Marksman) Turns: 364, Time: 00:01:52

Health: 0/22       AC:  1    Str:  9    XL:     3   Next: 56%
Magic:  4/4        EV: 13    Int: 16    God:    Hepliaklqana [......]
Gold:   89         SH:  0    Dex: 12    Spells: 3/4 levels left

rFire    . . .     SeeInvis .   k - +0 mace
rCold    . . .     Gourm    .   (no shield)
rNeg     . . .     Faith    .   (helmet restricted)
rPois    .         Spirit   .   (no amulet)
rElec    .         Reflect  .   (no ring)
rCorr    .         Harm     .   (no ring)
MR       .....                  (no ring)
Stlth    ++........             (no ring)
HPRegen  0.07/turn              (no ring)
MPRegen  0.09/turn              (no ring)
                                (no ring)
                                (no ring)

@: no status effects
A: almost no armour, stealthy swim, amphibious, 8 rings, constrict 8, reduced
essence, camouflage 1, gelatinous body 1
a: Recall Ancestor, Ancestor Identity, Renounce Religion


You were on level 3 of the Dungeon.
You worshipped Hepliaklqana.
Hepliaklqana was noncommittal.
You were not hungry.

You visited 1 branch of the dungeon, and saw 4 of its levels.

You collected 89 gold pieces.

Inventory:

Hand Weapons
 f - a +0 whip
 k - a +0 mace (weapon)
Missiles
 b - 4 javelins (quivered)
 c - 2 throwing nets
Wands
 h - a wand of paralysis (10)
Scrolls
 d - a scroll of fear {unknown}
 e - a scroll of identify {unknown}
 j - a scroll of remove curse {unknown}
Potions
 g - a potion of degeneration {unknown}
 i - a potion of cancellation {unknown}
Comestibles
 a - a ration


   Skills:
 - Level 2.4 Fighting
 - Level 2.0 Throwing
 - Level 2.0 Dodging
 - Level 1.0 Spellcasting
 - Level 3.0 Hexes
 * Level 2.1 Evocations


You had 3 spell levels left.
You knew the following spells:

 Your Spells              Type           Power        Failure   Level  Hunger
a - Corona                Hex            ##.....      7%          1    ##.....


Dungeon Overview and Level Annotations

Branches:
Dungeon (4/15)
 Temple: D:4-7

Altars:
Hepliaklqana

Annotations:
D:2 1 exclusion
D:3 PeterLawrence's ghost, amateur GnWn
D:4 Eustachio


Innate Abilities, Weirdness & Mutations

You cannot wear most types of armour.
You are very stealthy in the water. (Stealth+)
You are amphibious.
You can wear up to eight rings at the same time.
You can use your tentacles to constrict eight enemies at once.
Your skin changes colour to match your surroundings (Stealth+).
Your rubbery body absorbs attacks. (AC +1, EV +1)
Your life essence is reduced to manifest your ancestor. (-10% HP)


Message History

The quokka barely misses you.
You climb upwards.
Level annotation: PeterLawrence's ghost, amateur GnWn
Found 17 gold pieces.
There is a stone staircase leading down here.
Unknown command.
Found 14 gold pieces.
You now have 89 gold pieces (gained 17).
An ooze comes into view.
The ooze quivers.
You hit the ooze but do no damage. You squeeze the ooze!
The ooze is almost dead.
The ooze hits you.
* * * LOW HITPOINT WARNING * * *
You hit the ooze but do no damage.
The ooze is almost dead.
The ooze hits you.
* * * LOW HITPOINT WARNING * * *
The ooze hits you.
You die...

### ...
####$####
........####
#..J....#
#@##.#
#.##.#
#...>#
#..........#
#.########.#
## #.# .##
#.# ..## ..#
#.# ...#
....# #.#


You could see an ooze.

Vanquished Creatures
  A worker ant (D:4)
  An adder (D:2)
  A dart slug (D:1)
  A quokka (D:4)
  2 bats
  A kobold (D:3)
  A rat (D:1)
8 creatures vanquished.

Vanquished Creatures (others)
  An ancestor (D:4)
1 creature vanquished.

Grand Total: 9 creatures vanquished

Notes
Turn   | Place    | Note
-------+----------+-------------------------------------------
     0 | D:1      | 4thArraOfDagon the Octopode Arcane Marksman began the quest for the Orb.
     0 | D:1      | Reached XP level 1. HP: 13/13 MP: 2/2
   139 | D:2      | Reached XP level 2. HP: 7/20 MP: 3/3
   220 | D:3      | Noticed PeterLawrence's ghost (amateur GnWn)
   259 | D:4      | Found a hazy altar of Hepliaklqana.
   267 | D:4      | Became a worshipper of Hepliaklqana the Forgotten
   306 | D:4      | Noticed Eustachio
   334 | D:4      | Reached XP level 3. HP: 13/22 MP: 4/4
   364 | D:3      | Slain by an ooze

Vault maps used:
D:1:      eino_arrival_druids_welcome, serial_co_window_serial,
          co_window_paths_a, co_window_paths_a, co_window_paths_a,
          co_window_of_opportunity_a, co_window_paths_a, co_window_paths_c,
          co_window_2corner, co_window_corner_b, co_window_unsneaky_path_d,
          co_window_corner_cb, co_window_corner_b, co_window_2corner,
          co_window_4corner_a, glass_columns_c, glass_columns_a,
          glass_columns_a, glass_columns_a
D:2:      lemuel_doored_altar, lemuel_blue_sif_altar, serial_park_tiny_pond,
          nicolae_tso_swordbearing_angel, uniq_sigmund
D:3:      lightli_temple_of_fire, first_ration, minivault_19,
          kennysheep_generic_room_8, uniq_crazy_yiuf_cottage
D:4:      nicolae_overflow_crystal_walls, serial_bayou_ford_a, st_stairs_8,
          uniq_eustachio

Skill      XL: |  1  2 |
---------------+-------+-----
Fighting       | 2 |  2.4
Evocations     | 2 |  2.1
Throwing       | |  2.0
Dodging        | |  2.0
Spellcasting   | |  1.0
Hexes          | |  3.0

Action                   || total
-------------------------++-------
Melee: Unarmed           ||     7
       Tentacles         ||     9
       Whip              ||     7
       Constrict         ||     7
       Mace              ||     6
Throw: Javelin           ||     2
Evoke: Wand              ||     2
 Stab: Paralysed         ||     4
       Sleeping          ||     1
Armor: Skin              ||     1
Dodge: Dodged            ||    13

Table legend:
 A = Spawn XP
 B = Non-spawn XP
 C = Spawn XP percentage of total XP
 D = Spawn monster count
 E = Non-spawn monster count
 F = Spawn count percentage of total count
 G = Total turns spent on level
                    A         B        C        D         E        F      G
               +---------+---------+-------+---------+---------+-------+---------
         Total |       0 |      61 |   0.0 |       0 |       8 |   0.0 |   364
               +---------+---------+-------+---------+---------+-------+---------
           D:1 |       0 |       5 |   0.0 |       0 |       2 |   0.0 |    39
           D:2 |       0 |      15 |   0.0 |       0 |       2 |   0.0 |   110
           D:3 |       0 |       3 |   0.0 |       0 |       2 |   0.0 |   100
           D:4 |       0 |      38 |   0.0 |       0 |       2 |   0.0 |   115
               +---------+---------+-------+---------+---------+-------+---------
